 Dungeon Crawl Stone Soup version 0.31-a0-152-g6aa68a64a1 (webtiles) character file.

Game seed: 12000807416557144098

312 Hajna the Chopper (level 6, -3/53 HPs)
             Began as a Hill Orc Fighter on June 11, 2023.
             Was an Initiate of Beogh.
             Splashed by a jelly's acid (10 damage)
             ... on level 4 of the Dungeon.
             The game lasted 00:06:35 (2569 turns).

Hajna the Chopper (Hill Orc Fighter)                Turns: 2569, Time: 00:06:38

Health: -3/53      AC: -3    Str: 18 (21) XL:     6   Next: 42%
Magic:  6/6        EV:  8    Int:  5 (8)  God:    Beogh [......]
Gold:   243        SH:  8    Dex:  8 (10) Spells: 5/5 levels left

rFire   . . .        a - +0 war axe
rCold   . . .        v - +0 kite shield
rNeg    . . .        b - +0 scale mail
rPois   .            (no helmet)
rElec   .            (no cloak)
rCorr   .            (no gloves)
SInv    +            i - +0 pair of boots
Will    .....        (no amulet) Stlth
                     q - ring of see invisible
HPRegen 0.28/turn    (no ring)
MPRegen 0.10/turn

%: no passive effects
@: corroded
A: no striking features
a: Renounce Religion


You were on level 4 of the Dungeon.
You worshipped Beogh.
Beogh was noncommittal.
You visited 1 branch of the dungeon, and saw 4 of its levels.

You collected 243 gold pieces.

Inventory:

Hand Weapons
 a - a +0 war axe (weapon)
Missiles
 u - 3 poisoned darts
Armour
 b - a +0 scale mail (worn)
 c - a +0 buckler
 i - a +0 pair of boots (worn)
 v - a +0 kite shield (worn)
Jewellery
 q - a ring of see invisible (left hand)
Scrolls
 g - a scroll of poison {unknown}
 k - a scroll of fear {unknown}
 m - a scroll of blinking {unknown}
 o - a scroll of teleportation {unknown}
 p - a scroll of enchant armour {unknown}
 s - a scroll of noise {unknown}
 t - a scroll of identify
Potions
 d - 2 potions of might
 f - 4 potions of enlightenment
 h - 2 potions of invisibility
 j - a potion of attraction {unknown}
 l - 2 potions of lignification
 n - a potion of cancellation {unknown}
 r - a potion of curing {unknown}


   Skills:
 + Level 4.4 Fighting
 + Level 6.1 Axes
 + Level 4.8 Armour
 + Level 0.7 Dodging
 + Level 4.1 Shields


You had 5 spell levels left.
You didn't know any spells.
Your spell library was empty.

Dungeon Overview and Level Annotations

Branches:
Dungeon (4/15)             Temple (0/1) D:4

Altars:
Hepliaklqana
Makhleb
Nemelex Xobeh


Message History

Beogh accepts your kill.
You slash the jelly!
Your hands burn!
The jelly is almost dead.
You block the jelly's attack.
You hit the jelly but do no damage.
Your hands burn!
The jelly is almost dead.
The jelly closely misses you. The jelly hits you. The acid corrodes you!
You are splashed with acid!
You slash the jelly!
You kill the jelly!
Beogh accepts your kill.
Your Axes skill increases to level 6!
You barely miss the jelly. You block the jelly's attack.
You hit the jelly.
Your hands burn!
The jelly is lightly wounded.
The jelly hits you but does no damage. You block the jelly's attack.
You hit the jelly but do no damage.
Your hands burn!
The jelly is lightly wounded.
The jelly hits you. The acid corrodes you!
You are splashed with acid!
You are too injured to fight recklessly!
You are too injured to fight recklessly!
You hit the jelly.
Your hands burn!
The jelly is heavily wounded.
The jelly barely misses you.
You hit the jelly.
Your hands burn!
The jelly is heavily wounded.
The jelly hits you. The acid corrodes you!
You are splashed with acid!
* * * LOW HITPOINT WARNING * * *
The jelly barely misses you.
You hit the jelly.
Your hands burn!
* * * LOW HITPOINT WARNING * * *
The jelly is almost dead.
You block the jelly's attack.
It was a potion of degeneration.
There was something very wrong with that liquid.
You feel weakened.
You feel dopey.
You feel clumsy. The jelly hits you.
* * * LOW HITPOINT WARNING * * *
You are splashed with acid!
You die...

. .. ... ....
.....
......##########
......J@......>#
......########.#
..... #.# ....
#.# .## ######.#
#......#
##.####.# #..#
#.# #.## #.#


You could see a jelly.

Vanquished Creatures
  The ghost of paps the Caller, an amateur OpSu (D:3)
  The ghost of paps the Caller, an amateur OpSu (D:3)
  A jelly (D:4)
  An orc wizard (D:3)
  4 adders
  A worm (D:3)
  2 dart slugs
  An orc (D:4)
  6 bats
  5 endoplasms
  A giant cockroach (D:1)
  3 goblins
  11 hobgoblins
  10 jackals
  6 ball pythons
  2 frilled lizards (D:1)
  5 kobolds
  8 rats
69 creatures vanquished.

Notes
Turn   | Place    | Note
-------+----------+-------------------------------------------
     0 | D:1      | Hajna the Hill Orc Fighter began the quest for the Orb.
     0 | D:1      | Reached XP level 1. HP: 19/19 MP: 1/1
   130 | D:1      | Reached XP level 2. HP: 26/26 MP: 2/2
   412 | D:1      | Reached skill level 3 in Axes
   565 | D:1      | Reached XP level 3. HP: 33/33 MP: 3/3
   984 | D:2      | Found a faded altar of an unknown god.
  1494 | D:3      | Found a runed translucent gate.
  1496 | D:3      | Found a runed translucent gate.
  1496 | D:3      | Found a runed translucent gate.
  1496 | D:3      | Noticed paps's ghost (amateur OpSu)
  1496 | D:3      | Noticed paps's ghost (amateur OpSu)
  1511 | D:3      | Killed paps's ghost
  1512 | D:3      | Reached skill level 4 in Axes
  1512 | D:3      | Reached XP level 4. HP: 29/40 MP: 4/4
  1512 | D:3      | Reached XP level 5. HP: 33/46 MP: 5/5
  1516 | D:3      | Killed paps's ghost
  1517 | D:3      | Reached skill level 5 in Axes
  1711 | D:3      | Found a sparkling altar of Nemelex Xobeh.
  1839 | D:3      | Found a burning altar of Makhleb.
  2079 | D:3      | Reached XP level 6. HP: 53/53 MP: 6/6
  2099 | D:3      | Found a faded altar of an unknown god.
  2100 | D:3      | Found a hazy altar of Hepliaklqana.
  2276 | D:4      | Became a worshipper of Beogh the Brigand
  2337 | D:4      | Found a staircase to the Ecumenical Temple.
  2563 | D:4      | Reached skill level 6 in Axes
  2569 | D:4      | Splashed by a jelly's acid

Illustrated notes

Levels and vault maps discovered:
D:1:      dpeg_arrival_rhombus, layout_loops_ring
D:2:      layout_rooms, shapermc_ecumenical_altar_notcrosses
D:3:      layout_basic, nemelex_altar_shiori,
          beargit_hepliaklqana_dungeon_heroes, lightli_temple_of_fire,
          gammafunk_ghost_cemetery
D:4:      layout_basic, overflow_temple_1_default,
          minmay_temple_entry_large_hall, ebering_dispersal_statue_hall

Skill      XL: |  1  2  3  4  5  6 |
---------------+-------------------+-----
Axes           | 3 4 5 6 |  6.1
Armour         | 4 |  4.8
Fighting       | 4 |  4.4
Shields        | 4 |  4.1
Dodging        | |  0.7

Action                     |  1- 3 |  4- 6 || total
---------------------------+-------+-------++-------
  Melee: War axe           |   120 |    85 ||   205
 Invoke: Convert to Beogh  |       |     1 ||     1
    Use: Scroll            |     3 |       ||     3
         Potion            |       |     1 ||     1
 Armour: Scale mail        |    76 |    47 ||   123
  Dodge: Dodged            |    60 |    33 ||    93
  Block: Buckler           |    24 |    12 ||    36
         Kite shield       |       |    12 ||    12

Table legend: (Time is in decaauts)
 A = Elapsed time spent in this place.
 B = Non-inter-level travel time spent in this place.
 C = Inter-level travel time spent in this place.
 D = Time resting spent in this place.
 E = Time spent auto-exploring this place.
 F = Levels seen in this place.
 G = Mean time per level.
                   A        B        C        D        E       F      G
               +--------+--------+--------+--------+--------+-----+--------+
         Total |   2639 |   2504 |    135 |      0 |   1969 |   4 |  659.8 |
       Dungeon |   2639 |   2504 |    135 |      0 |   1969 |   4 |  659.8 |
               +--------+--------+--------+--------+--------+-----+--------+

Top non-repeatable levels by time:
     D:1: 914 daAuts
     D:3: 861 daAuts
     D:2: 549 daAuts
     D:4: 314 daAuts
